AoeStats
← Chanos

Lombardia

509363344Analyzed
4v4 RM · 7d ago on Sep 26, 2026· 32m 25s· 8 players
Game mode
Random Map
Map size
Large (8 player)
Population
200
Speed
Normal
Resources
Standard
Victory
Conquest
Starting age
Dark Age
Ending age
Imperial Age
RankedLock teamsTeams togetherTeam positionsShared explorationLock speedFull tech treeHidden civsTurbo modeCheats
Victory
Defeat
🇧🇷 Tatars · Brazil
1009
+15
🇪🇸 Chinese · Spain
1000
+45
🇨🇳 Cumans · China
970
+16
🇦🇷 Franks · Argentina
957
+16
🇫🇷 Varangians · France
1020
-17
🇫🇷 Lithuanians · France
1004
-17
🇫🇷 Britons · France
989
-16
🇫🇷 Vietnamese · France
890
-12
Actiweed1
0:39 Loom
13:24 Feudal Age
15:10 Double-Bit Axe
17:27 Horse Collar
18:26 Wheelbarrow
29:24 Castle Age
28:29 Town Watch
30:49 Forging
30:40 Scale Mail Armor
30:15 Pikeman
Snake34
4:44 Loom
10:20 Feudal Age
13:22 Feudal Age
20:17 Castle Age
20:16 Horse Collar
21:20 Scale Barding Armor
21:26 Forging
21:05 Double-Bit Axe
26:08 Husbandry
30:03 Bloodlines
Chanos
7:46 Loom
10:57 Feudal Age
15:10 Castle Age
14:41 Double-Bit Axe
17:38 Wheelbarrow
24:40 Hand Cart
26:29 Fletching
26:40 Padded Archer Armor
28:10 Gold Mining
28:11 Stone Mining
29:09 Ballistics
31:59 Bodkin Arrow
32:19 Leather Archer Armor
SaVaGe
10:50 Feudal Age
10:02 Loom
11:40 Double-Bit Axe
16:05 Castle Age
14:22 Horse Collar
17:10 Bow Saw
18:54 Husbandry
20:01 Scale Mail Armor
20:17 Gold Mining
21:06 Heavy Plow
21:19 Scale Barding Armor
22:55 Forging
23:34 Chain Mail Armor
28:24 Squires
28:17 Gambesons
28:37 Stone Mining
29:59 Wheelbarrow
29:10 Town Watch
32:17 Iron Casting
conutunu
12:46 Feudal Age
13:16 Double-Bit Axe
19:43 Castle Age
18:52 Gold Mining
20:41 Fletching
21:12 Bow Saw
20:45 Horse Collar
21:51 Gold Shaft Mining
22:32 Padded Archer Armor
24:14 Fervor
24:13 Bodkin Arrow
25:12 Leather Archer Armor
24:55 Elite Skirmisher
25:40 Thumb Ring
26:20 Stone Mining
28:04 Stone Shaft Mining
28:40 Thumb Ring
31:20 Wheelbarrow
30:31 Loom
31:18 Heavy Plow
Yes
9:43 Feudal Age
15:06 Castle Age
14:23 Fletching
14:24 Double-Bit Axe
23:39 Gold Mining
24:01 Bow Saw
24:58 Bloodlines
24:54 Husbandry
25:36 Bodkin Arrow
27:32 Padded Archer Armor
29:03 Gold Shaft Mining
29:52 Leather Archer Armor
少女
11:01 Feudal Age
14:20 Bloodlines
17:52 Double-Bit Axe
24:35 Castle Age
22:47 Forging
23:18 Scale Barding Armor
24:39 Light Cavalry
25:54 Chain Barding Armor
25:24 Horse Collar
25:55 Bow Saw
27:08 Iron Casting
26:46 Heavy Plow
26:43 Stone Mining
26:45 Gold Mining
27:48 Wheelbarrow
29:32 Gold Shaft Mining
32:53 Hand Cart
白馬义从
0:39 Loom
11:08 Feudal Age
11:38 Double-Bit Axe
19:52 Castle Age
18:14 Scale Barding Armor
18:04 Stone Mining
19:34 Forging
24:09 Husbandry
25:17 Town Watch
29:14 Gold Mining
29:33 Treadmill Crane
35:12 Imperial Age
Connection lost

Rejoining the realm…

Still unreachable

The connection could not be restored.

Session expired

The server has moved on; the page needs a fresh start.